| TOP OF THE 1ST |
|
Victoria Capitals batting - Pitching for Madison Brewers : RHP Dillon Atkinson
|
|
Pitching: RHP Dillon Atkinson
|
|
|
Batting: RHB Ross Hallock
|
0-0: Ball 1-0: Fly out, F8 (Flyball, 78M, EV 90.0 MPH)
|
|
Batting: LHB Taki Matsui
|
0-0: Called Strike 0-1: Foul Ball, location: 2F 0-2: Ball 1-2: Foul Ball, location: 2F 1-2: Ball 2-2: Ball 3-2: Fly out, F4 (Popup, 23, EV 86.9 MPH)
|
|
Batting: RHB Jesus Santiago
|
0-0: Called Strike 0-1: Foul Ball, location: 2F 0-2: Ball 1-2: Strikes out looking
|
| Top of the 1st over - 0 runs, 0 hits, 0 errors, 0 left on base; Victoria 0 - Madison 0 |
| BOTTOM OF THE 1ST |
|
Madison Brewers batting - Pitching for Victoria Capitals : LHP Geoff Klaas
|
|
Pitching: LHP Geoff Klaas
|
|
|
Batting: LHB Andy Buschlen
|
0-0: Called Strike 0-1: Called Strike 0-2: Ball 1-2: Fly out, F8 (Flyball, 8RM, EV 86.2 MPH)
|
|
Batting: RHB Malcolm McCauley
|
0-0: Called Strike 0-1: Called Strike 0-2: Ball 1-2: Ball 2-2: Ball 3-2: Ground out 6-3 (Groundball, 6, EV 101.9 MPH)
|
|
Batting: LHB Bill Kovac
|
0-0: Ball 1-0: Ball 2-0: Ball 3-0: Base on Balls
|
|
Batting: RHB Jelani Griffin
|
0-0: Called Strike 0-1: Ball 1-1: Ball 2-1: Ball 3-1: Base on Balls Bill Kovac to second
|
|
Batting: LHB Tony Hasbun
|
0-0: Foul Ball, location: 2F 0-1: Foul Ball, location: 2F 0-2: Foul Ball, location: 2F 0-2: Ball 1-2: Ball 2-2: SINGLE (Line Drive, 78S, EV 100.6 MPH) Bill Kovac to third Jelani Griffin to second
|
|
Batting: RHB Frank Pena
|
0-0: Swinging Strike 0-1: Ball 1-1: Ball 2-1: Ball 3-1: Base on Balls Bill Kovac scores Jelani Griffin to third Tony Hasbun to second
|
|
Batting: RHB Lorenzo Diaz
|
0-0: Ball 1-0: Called Strike 1-1: Foul Ball, location: 2F 1-2: Ground out 4-3 (Groundball, 4, EV 111.2 MPH)
|
| Bottom of the 1st over - 1 run, 1 hit, 0 errors, 3 left on base; Victoria 0 - Madison 1 |
| TOP OF THE 2ND |
|
Victoria Capitals batting - Pitching for Madison Brewers : RHP Dillon Atkinson
|
|
Batting: RHB Jose Zuniga
|
0-0: Ball 1-0: Ball 2-0: Called Strike 2-1: Ball 3-1: Foul Ball, location: 2F 3-2: Fly out, F9 (Flyball, 89M, EV 81.9 MPH)
|
|
Batting: RHB Rich Griffith
|
0-0: Called Strike 0-1: Called Strike 0-2: Ball 1-2: Foul Ball, location: 2F 1-2: Ball 2-2: Ball 3-2: Ground out 3-1 (Groundball, 34S, EV 85.0 MPH)
|
|
Batting: LHB Addisu Nyamekye
|
0-0: Ball 1-0: Foul Ball, location: 2F 1-1: Called Strike 1-2: Ball 2-2: Foul Ball, location: 2F 2-2: SINGLE (Groundball, 4MD, EV 106.2 MPH)
|
|
Batting: RHB Josh Rentz
|
0-0: Called Strike 0-1: Foul Ball, location: 2F 0-2: Ball 1-2: Strikes out swinging
|
| Top of the 2nd over - 0 runs, 1 hit, 0 errors, 1 left on base; Victoria 0 - Madison 1 |
| BOTTOM OF THE 2ND |
|
Madison Brewers batting - Pitching for Victoria Capitals : LHP Geoff Klaas
|
|
Batting: RHB Fernando Mejia
|
0-0: Foul Ball, location: 2F 0-1: Foul Ball, location: 2F 0-2: Ball 1-2: Foul Ball, location: 2F 1-2: Ground out 4-3 (Groundball, 4, EV 85.6 MPH)
|
|
Batting: RHB Kelan Rae
|
0-0: Ground out 5-3 (Groundball, 56, EV 108.8 MPH)
|
|
Batting: LHB Andy Buschlen
|
0-0: Ball 1-0: Called Strike 1-1: Ball 2-1: Foul Ball, location: 2F 2-2: Strikes out looking
|
| Bottom of the 2nd over - 0 runs, 0 hits, 0 errors, 0 left on base; Victoria 0 - Madison 1 |
| TOP OF THE 3RD |
|
Victoria Capitals batting - Pitching for Madison Brewers : RHP Dillon Atkinson
|
|
Batting: RHB Tristan Martin
|
0-0: Ball 1-0: Called Strike 1-1: Ball 2-1: Ball 3-1: Foul Ball, location: 2F 3-2: Foul Ball, location: 2F 3-2: Fly out, F4 (Line Drive, 4M, EV 74.4 MPH)
|
|
Batting: LHB Matt Hepburn
|
0-0: Foul Ball, location: 2F 0-1: Ball 1-1: Foul Ball, location: 2F 1-2: Strikes out swinging
|
|
Batting: RHB Ross Hallock
|
0-0: Ball 1-0: Ball 2-0: Foul Ball, location: 2F 2-1: Ball 3-1: Swinging Strike 3-2: Foul Ball, location: 2F 3-2: Base on Balls
|
|
Batting: LHB Taki Matsui
|
0-0: Ball 1-0: Ball 2-0: Ball 3-0: Base on Balls Ross Hallock to second
|
|
Batting: RHB Jesus Santiago
|
0-0: Called Strike 0-1: Called Strike 0-2: Foul Ball, location: 2F 0-2: Ball 1-2: Foul Ball, location: 2F 1-2: Ball 2-2: 3-RUN HOME RUN (Flyball, 89XD, EV 113.8 MPH), Distance : 430 ft
|
|
Batting: RHB Jose Zuniga
|
0-0: Called Strike 0-1: Ball 1-1: Called Strike 1-2: Foul Ball, location: 2F 1-2: Ball 2-2: SOLO HOME RUN (Flyball, 8LXD, EV 116.2 MPH), Distance : 484 ft
|
|
Batting: RHB Rich Griffith
|
0-0: Ball 1-0: Ball 2-0: SINGLE (Groundball, 6S, EV 73.1 MPH) (infield hit)
|
|
Batting: LHB Addisu Nyamekye
|
0-0: Foul Ball, location: 2F 0-1: Ball 1-1: Foul Ball, location: 2F 1-2: Strikes out swinging
|
| Top of the 3rd over - 4 runs, 3 hits, 0 errors, 1 left on base; Victoria 4 - Madison 1 |
| BOTTOM OF THE 3RD |
|
Madison Brewers batting - Pitching for Victoria Capitals : LHP Geoff Klaas
|
|
Batting: RHB Malcolm McCauley
|
0-0: Foul Ball, location: 2F 0-1: Ball 1-1: Foul Ball, location: 2F 1-2: Strikes out swinging
|
|
Batting: LHB Bill Kovac
|
0-0: Ball 1-0: Ball 2-0: Called Strike 2-1: Foul Ball, location: 2F 2-2: Foul Ball, location: 2F 2-2: Fly out, F5 (Popup, 56S, EV 82.5 MPH)
|
|
Batting: RHB Jelani Griffin
|
0-0: Fly out, F8 (Flyball, 8LM, EV 81.9 MPH)
|
| Bottom of the 3rd over - 0 runs, 0 hits, 0 errors, 0 left on base; Victoria 4 - Madison 1 |
| TOP OF THE 4TH |
|
Victoria Capitals batting - Pitching for Madison Brewers : RHP Dillon Atkinson
|
|
Batting: RHB Josh Rentz
|
0-0: Ball 1-0: Ball 2-0: Called Strike 2-1: Foul Ball, location: 2F 2-2: Ball 3-2: Strikes out swinging
|
|
Pitching: RHP Dante Taylor
|
|
|
Batting: RHB Tristan Martin
|
0-0: Ball 1-0: Called Strike 1-1: Called Strike 1-2: Strikes out swinging
|
|
Batting: LHB Matt Hepburn
|
0-0: Ball 1-0: Called Strike 1-1: Foul Ball, location: 2F 1-2: Ball 2-2: Strikes out swinging
|
| Top of the 4th over - 0 runs, 0 hits, 0 errors, 0 left on base; Victoria 4 - Madison 1 |
| BOTTOM OF THE 4TH |
|
Madison Brewers batting - Pitching for Victoria Capitals : LHP Geoff Klaas
|
|
Batting: LHB Tony Hasbun
|
0-0: Ball 1-0: Foul Ball, location: 2F 1-1: Swinging Strike 1-2: Strikes out swinging
|
|
Batting: RHB Frank Pena
|
0-0: Ball 1-0: Called Strike 1-1: Foul Ball, location: 2F 1-2: Ball 2-2: Strikes out swinging
|
|
Batting: RHB Lorenzo Diaz
|
0-0: Foul Ball, location: 2F 0-1: Fly out, F9 (Flyball, 9LS, EV 76.9 MPH)
|
| Bottom of the 4th over - 0 runs, 0 hits, 0 errors, 0 left on base; Victoria 4 - Madison 1 |
| TOP OF THE 5TH |
|
Victoria Capitals batting - Pitching for Madison Brewers : RHP Dante Taylor
|
|
Batting: RHB Ross Hallock
|
0-0: Called Strike 0-1: Ball 1-1: Called Strike 1-2: Strikes out swinging
|
|
Batting: LHB Taki Matsui
|
0-0: Ball 1-0: Ball 2-0: Called Strike 2-1: Called Strike 2-2: Strikes out swinging
|
|
Batting: RHB Jesus Santiago
|
0-0: Foul Ball, location: 2F 0-1: Ball 1-1: Ball 2-1: Foul Ball, location: 2F 2-2: Ball 3-2: Ground out 6-3 (Groundball, 6M, EV 88.1 MPH)
|
| Top of the 5th over - 0 runs, 0 hits, 0 errors, 0 left on base; Victoria 4 - Madison 1 |
| BOTTOM OF THE 5TH |
|
Madison Brewers batting - Pitching for Victoria Capitals : LHP Geoff Klaas
|
|
Batting: RHB Fernando Mejia
|
0-0: Ball 1-0: Called Strike 1-1: Ground out 6-3 (Groundball, 56, EV 87.5 MPH)
|
|
Batting: RHB Kelan Rae
|
0-0: Called Strike 0-1: Ball 1-1: Ball 2-1: Foul Ball, location: 2F 2-2: Strikes out swinging
|
|
Batting: LHB Andy Buschlen
|
0-0: Ball 1-0: Fly out, F7 (Line Drive, 7LS, EV 98.1 MPH)
|
| Bottom of the 5th over - 0 runs, 0 hits, 0 errors, 0 left on base; Victoria 4 - Madison 1 |
| TOP OF THE 6TH |
|
Victoria Capitals batting - Pitching for Madison Brewers : RHP Dante Taylor
|
|
Batting: RHB Jose Zuniga
|
0-0: Ball 1-0: Ball 2-0: Foul Ball, location: 2F 2-1: SINGLE (Line Drive, 89S, EV 85.6 MPH)
|
|
Batting: RHB Rich Griffith
|
0-0: Swinging Strike 0-1: Ball 1-1: Foul Ball, location: 2F 1-2: Ball 2-2: Ball 3-2: Strikes out swinging
|
|
Batting: LHB Addisu Nyamekye
|
0-0: Ball 1-0: Foul Ball, location: 2F 1-1: Foul Ball, location: 2F 1-2: Ball 2-2: Ball 3-2: SINGLE (Groundball, 23, EV 73.8 MPH) (infield hit) Jose Zuniga to second
|
|
Batting: RHB Josh Rentz
|
0-0: Ball 1-0: Swinging Strike 1-1: Swinging Strike 1-2: Strikes out swinging
|
|
Batting: RHB Tristan Martin
|
0-0: Called Strike 0-1: Swinging Strike 0-2: Strikes out swinging
|
| Top of the 6th over - 0 runs, 2 hits, 0 errors, 2 left on base; Victoria 4 - Madison 1 |
| BOTTOM OF THE 6TH |
|
Madison Brewers batting - Pitching for Victoria Capitals : LHP Geoff Klaas
|
|
Batting: RHB Malcolm McCauley
|
0-0: Swinging Strike 0-1: Ball 1-1: Called Strike 1-2: Foul Ball, location: 2F 1-2: Strikes out swinging
|
|
Batting: LHB Bill Kovac
|
0-0: Ball 1-0: Foul Ball, location: 2F 1-1: Foul Ball, location: 2F 1-2: Ball 2-2: Foul Ball, location: 2F 2-2: Ball 3-2: Base on Balls
|
|
Batting: RHB Jelani Griffin
|
0-0: Called Strike 0-1: Ball 1-1: Foul Ball, location: 2F 1-2: Fly out, F7 (Flyball, 7S, EV 86.9 MPH)
|
|
Batting: LHB Tony Hasbun
|
0-0: Ball 1-0: Foul Ball, location: 2F 1-1: Ball 2-1: Foul Ball, location: 2F 2-2: Strikes out looking
|
| Bottom of the 6th over - 0 runs, 0 hits, 0 errors, 1 left on base; Victoria 4 - Madison 1 |
| TOP OF THE 7TH |
|
Victoria Capitals batting - Pitching for Madison Brewers : RHP Dante Taylor
|
|
Batting: LHB Matt Hepburn
|
0-0: Ground out 6-3 (Groundball, 6, EV 107.5 MPH)
|
|
Batting: RHB Ross Hallock
|
0-0: Ball 1-0: Foul Ball, location: 2F 1-1: Ground out 1-3 (Groundball, 15, EV 56.2 MPH)
|
|
Batting: LHB Taki Matsui
|
0-0: Swinging Strike 0-1: Foul Ball, location: 2F 0-2: Foul Ball, location: 2F 0-2: SOLO HOME RUN (Flyball, 9D, EV 96.2 MPH), Distance : 383 ft
|
|
Batting: RHB Jesus Santiago
|
0-0: SOLO HOME RUN (Flyball, 7LD, EV 95.0 MPH), Distance : 351 ft
|
|
Batting: RHB Jose Zuniga
|
0-0: Ball 1-0: Ball 2-0: Ball 3-0: Base on Balls
|
|
Pitching: RHP Jun Yamashita
|
|
|
Batting: RHB Rich Griffith
|
0-0: Called Strike 0-1: Swinging Strike 0-2: Ball 1-2: Fly out, F5 (Line Drive, 5, EV 67.5 MPH)
|
| Top of the 7th over - 2 runs, 2 hits, 0 errors, 1 left on base; Victoria 6 - Madison 1 |
| BOTTOM OF THE 7TH |
|
Madison Brewers batting - Pitching for Victoria Capitals : LHP Geoff Klaas
|
|
Pitching: RHP Fikre Taalib
|
|
|
Batting: RHB Frank Pena
|
0-0: Foul Ball, location: 2F 0-1: Swinging Strike 0-2: Ball 1-2: Ground out 6-3 (Groundball, 6, EV 94.4 MPH)
|
|
Batting: RHB Lorenzo Diaz
|
0-0: Ball 1-0: Ball 2-0: Called Strike 2-1: Swinging Strike 2-2: Foul Ball, location: 2F 2-2: Strikes out swinging
|
|
Batting: RHB Fernando Mejia
|
0-0: Called Strike 0-1: SINGLE (Groundball, 25, EV 65.6 MPH) (infield hit)
|
|
Batting: RHB Tristan Smeets
|
0-0: Ball 1-0: Ground out 4-3 (Groundball, 34, EV 78.8 MPH)
|
| Bottom of the 7th over - 0 runs, 1 hit, 0 errors, 1 left on base; Victoria 6 - Madison 1 |
| TOP OF THE 8TH |
|
Victoria Capitals batting - Pitching for Madison Brewers : RHP Jun Yamashita
|
|
Batting: LHB Addisu Nyamekye
|
0-0: Fly out, F9 (Line Drive, 9S, EV 85.6 MPH)
|
|
Batting: RHB Josh Rentz
|
0-0: Called Strike 0-1: Foul Ball, location: 2F 0-2: Ball 1-2: Strikes out swinging
|
|
Pinch Hitting: RHB Jeremy Marin
|
0-0: Called Strike 0-1: Called Strike 0-2: Ball 1-2: Foul Ball, location: 2F 1-2: Foul Ball, location: 2F 1-2: Ball 2-2: Ground out 6-3 (Groundball, 6, EV 102.5 MPH)
|
| Top of the 8th over - 0 runs, 0 hits, 0 errors, 0 left on base; Victoria 6 - Madison 1 |
| BOTTOM OF THE 8TH |
|
Madison Brewers batting - Pitching for Victoria Capitals : RHP Fikre Taalib
|
|
Now in LF: Steve Carmichael
|
|
|
Batting: LHB Andy Buschlen
|
0-0: Ball 1-0: Foul Ball, location: 2F 1-1: Foul Ball, location: 2F 1-2: Ball 2-2: SINGLE (Line Drive, 34D, EV 104.4 MPH)
|
|
Pinch Hitting: LHB Danny Roberts
|
0-0: Ball 1-0: Ball 2-0: Called Strike 2-1: Ball 3-1: Base on Balls Andy Buschlen to second
|
|
Batting: LHB Bill Kovac
|
0-0: Ball 1-0: 3-RUN HOME RUN (Flyball, 89XD, EV 103.8 MPH), Distance : 418 ft
|
|
Pitching: LHP Matt Lee
|
|
|
Batting: RHB Jelani Griffin
|
0-0: Foul Ball, location: 2F 0-1: Ball 1-1: Swinging Strike 1-2: Ball 2-2: Strikes out swinging
|
|
Pinch Hitting: RHB Dustin Pryor
|
0-0: Ball 1-0: Ball 2-0: Called Strike 2-1: Ball 3-1: Called Strike 3-2: Strikes out looking
|
|
Batting: RHB Frank Pena
|
0-0: Called Strike 0-1: Ball 1-1: Foul Ball, location: 2F 1-2: Strikes out swinging
|
| Bottom of the 8th over - 3 runs, 2 hits, 0 errors, 0 left on base; Victoria 6 - Madison 4 |
| TOP OF THE 9TH |
|
Victoria Capitals batting - Pitching for Madison Brewers : RHP Jun Yamashita
|
|
Now at 2B: Fernando Mejia
|
|
|
Now at 3B: Dave Guevara
|
|
|
Now in CF: Andy Buschlen
|
|
|
Now in RF: Danny Roberts
|
|
|
Batting: LHB Matt Hepburn
|
0-0: Ball 1-0: Called Strike 1-1: Foul Ball, location: 2F 1-2: Foul Ball, location: 2F 1-2: Ball 2-2: Foul Ball, location: 2F 2-2: Foul Ball, location: 2F 2-2: Strikes out swinging
|
|
Batting: RHB Ross Hallock
|
0-0: Ball 1-0: Foul Ball, location: 2F 1-1: Swinging Strike 1-2: Foul Ball, location: 2F 1-2: Ball 2-2: Ball 3-2: Ground out 5-3 (Groundball, 56, EV 83.1 MPH)
|
|
Batting: LHB Taki Matsui
|
0-0: Ball 1-0: Foul Ball, location: 2F 1-1: Foul Ball, location: 2F 1-2: Foul Ball, location: 2F 1-2: Ball 2-2: Ball 3-2: Foul Ball, location: 2F 3-2: Foul Ball, location: 2F 3-2: Foul Ball, location: 2F 3-2: Fly out, F9 (Flyball, 9, EV 85.0 MPH)
|
| Top of the 9th over - 0 runs, 0 hits, 0 errors, 0 left on base; Victoria 6 - Madison 4 |
| BOTTOM OF THE 9TH |
|
Madison Brewers batting - Pitching for Victoria Capitals : LHP Matt Lee
|
|
Batting: RHB Lorenzo Diaz
|
0-0: Foul Ball, location: 2F 0-1: Ball 1-1: Called Strike 1-2: Strikes out looking
|
|
Batting: RHB Fernando Mejia
|
0-0: Swinging Strike 0-1: TRIPLE (Flyball, 89XD, EV 95.6 MPH)
|
|
Batting: RHB Tristan Smeets
|
0-0: Foul Ball, location: 2F 0-1: SINGLE (Groundball, 6MD, EV 104.4 MPH) Fernando Mejia scores
|
|
Pinch Hitting: RHB Mario Lopez
|
0-0: Called Strike 0-1: Called Strike 0-2: Strikes out swinging
|
|
Pinch Hitting: RHB Ivan Rivera
|
0-0: Called Strike 0-1: Ball 1-1: Fly out, F5 (Line Drive, 5, EV 66.2 MPH)
|
| Bottom of the 9th over - 1 run, 2 hits, 0 errors, 1 left on base; Victoria 6 - Madison 5 |
|